 Dungeon Crawl Stone Soup version 0.20-a0-1062-g7b787ac (webtiles) character file.

626 JeffiDaFish the Grave Robber (level 7, -4/38 HPs)
             Began as a Deep Elf Necromancer on Apr 27, 2017.
             Slain by an ogre
             ... wielding a +0 giant spiked club
              (23 damage)
             ... on level 5 of the Dungeon.
             The game lasted 00:17:16 (3806 turns).

JeffiDaFish the Grave Robber (Deep Elf Necromancer) Turns: 3806, Time: 00:17:17

Health: -4/38      AC:  7    Str:  5    XL:     7   Next: 23%
Magic:  9/18       EV: 10    Int: 20    God:
Gold:   123        SH:  0    Dex: 17    Spells: 6/18 levels left

rFire    . . .     SeeInvis .   f - +1 dagger
rCold    . . .     Gourm    .   (no shield)
rNeg     . . .     Faith    .   h - +1 ring mail
rPois    .         Spirit   .   k - +0 helmet
rElec    .         Reflect  .   (no cloak)
rCorr    .         Harm     .   (no gloves)
MR       .....                  (no boots)
Stlth    ++........             d - amulet of regeneration
Regen    0.6/turn               (no ring)
MPRegen  0.2/turn               (no ring)

@: very slightly contaminated
A: no striking features
a: no special abilities


You were on level 5 of the Dungeon.
You were not hungry.

You visited 1 branch of the dungeon, and saw 5 of its levels.

You collected 123 gold pieces.

Inventory:

Hand Weapons
 f - a +1 dagger (weapon)
Armour
 h - a +1 ring mail (worn)
 k - a +0 helmet (worn)
Jewellery
 d - an amulet of regeneration (around neck)
Scrolls
 e - a scroll of remove curse
 i - 5 scrolls of teleportation
 j - 3 scrolls of identify
 o - a scroll of fear
Potions
 g - a potion of magic
 m - a potion of heal wounds
 p - a potion of curing
Books
 b - a book of Necromancy

   Spells                             Type                      Level
   a - Pain                           Necromancy                   1
   b - Animate Skeleton               Necromancy                   1
   c - Vampiric Draining              Necromancy                   3
   d - Regeneration                   Charms/Necromancy            3
   e - Animate Dead                   Necromancy                   4
   f - Control Undead                 Necromancy                   4
Comestibles
 a - 4 royal jellies
 c - 6 bread rations
 l - 2 fruits
 n - a meat ration
 q - 3 chunks of flesh


   Skills:
 + Level 1.4 Fighting
 + Level 2.2 Armour
 + Level 3.9 Dodging
 + Level 4.0 Stealth
 * Level 6.3 Spellcasting
 * Level 6.8 Necromancy


You had 6 spell levels left.
You knew the following spells:

 Your Spells              Type           Power        Failure   Level  Hunger
a - Pain                  Necr           ####         2%          1    None
b - Animate Skeleton      Necr           N/A          2%          1    None
c - Vampiric Draining     Necr           ####......   9%          3    ##.....
d - Animate Dead          Necr           N/A          26%         4    ####...
e - Regeneration          Chrm/Necr      ###.......   32%         3    ##.....


Dungeon Overview and Level Annotations

Branches:
Dungeon (5/15)
 Temple: D:4-7

Altars:
Fedhas


Message History

The ogre writhes in agony!
The ogre hits you with a giant spiked club!
Casting: Pain
Confirm with . or Enter, or press ? or * to list all spells.
Aiming: Vampiric Draining
Press: ? - help, Shift-Dir - straight line, f/p - ogre
Aim: an ogre, wielding a giant spiked club (heavily wounded)
You miscast Vampiric Draining.
You are very lightly contaminated with residual magic.
Pain shoots through your body.
Casting: Vampiric Draining
Confirm with . or Enter, or press ? or * to list all spells.
Aiming: Vampiric Draining
Press: ? - help, Shift-Dir - straight line, f/p - ogre
Aim: an ogre, wielding a giant spiked club (heavily wounded)
The ogre is almost dead.
You feel life coursing into your body.
The ogre hits you with a giant spiked club!!
Ouch! That really hurt!
You die...

###
####.#######
#...<.......
#.##.########
#.@O...$..
#########.


You could see an ogre.

Vanquished Creatures
  2 ogres (D:4)
  A scorpion (D:4)
  A hound (D:4)
  2 orc priests
  2 orc wizards (D:4)
  2 bullfrog skeletons (D:4)
  2 worker ants (D:4)
  Robin (D:2)
  2 adders
  A howler monkey skeleton (D:4)
  An ooze (D:4)
  3 worms
  2 dart slugs (D:1)
  11 orcs
  4 giant cockroaches
  12 goblins
  14 hobgoblins
  6 jackals (D:4)
  7 kobolds
  A ball python skeleton (D:4)
  10 bats
  5 frilled lizards
  11 rats
103 creatures vanquished.

Vanquished Creatures (collateral kills)
  An adder (D:3)
  A worm (D:3)
  A giant cockroach (D:3)
  A frilled lizard (D:2)
4 creatures vanquished.

Grand Total: 107 creatures vanquished

Notes
Turn   | Place    | Note
-------+----------+-------------------------------------------
     0 | D:1      | JeffiDaFish the Deep Elf Necromancer began the quest for the Orb.
     0 | D:1      | Reached XP level 1. HP: 10/10 MP: 6/6
   133 | D:1      | Reached skill level 5 in Necromancy
   430 | D:1      | Reached XP level 2. HP: 14/15 MP: 6/8
   828 | D:1      | Learned a level 1 spell: Animate Skeleton
  1316 | D:1      | Reached XP level 3. HP: 19/19 MP: 8/10
  1383 | D:2      | Noticed Robin
  1653 | D:2      | Learned a level 3 spell: Vampiric Draining
  1665 | D:2      | Found a blossoming altar of Fedhas.
  1856 | D:2      | Killed Robin
  1856 | D:2      | Reached XP level 4. HP: 10/24 MP: 0/12
  2114 | D:3      | Reached skill level 1 in Armour
  2186 | D:3      | Learned a level 4 spell: Animate Dead
  2246 | D:3      | Found a faded altar of an unknown god.
  2352 | D:3      | Reached XP level 5. HP: 27/28 MP: 3/14
  2830 | D:4      | Reached skill level 5 in Spellcasting
  2875 | D:4      | Noticed an ogre
  2893 | D:4      | Killed an ogre
  2893 | D:4      | Reached XP level 6. HP: 31/32 MP: 4/15
  3070 | D:4      | Reached skill level 1 in Fighting
  3455 | D:4      | Reached XP level 7. HP: 13/38 MP: 1/18
  3545 | D:4      | Learned a level 3 spell: Regeneration
  3799 | D:5      | Entered Level 5 of the Dungeon
  3806 | D:5      | Slain by an ogre

Vault maps used:
D:1:      dpeg_arrival_shrine, due_unseen_surprise
D:2:      first_bread, fedhas_altar_3, uniq_robin
D:3:      chequers_ecumenical_altar_simple
D:5:      uniq_edmund

Skill      XL: |  1  2  3  4  5  6  7 |
---------------+----------------------+-----
Necromancy     | 5 6 |  6.8
Spellcasting   | 4 5 6 |  6.3
Armour         | 1 2 |  2.2
Stealth        | 3 4 |  4.0
Dodging        | 3 |  3.9
Fighting       | 1 |  1.4

Action                   |  1- 3 |  4- 6 |  7- 9 || total
-------------------------+-------+-------+-------++-------
Melee: Unarmed           |     3 |       |       ||     3
       Dagger            |    26 |    92 |    12 ||   130
 Cast: Pain              |    74 |    77 |    11 ||   162
       Animate Skeleton  |     3 |    10 |       ||    13
       Vampiric Draining |       |     9 |     4 ||    13
       Animate Dead      |       |     2 |       ||     2
  Use: Potion            |     2 |     2 |     1 ||     5
       Scroll            |     5 |     4 |     2 ||    11
 Stab: Sleeping          |     5 |     4 |       ||     9
       Distracted        |       |     1 |       ||     1
  Eat: Chunk             |     3 |     5 |     2 ||    10
Armor: Leather armour    |    12 |     3 |       ||    15
       Ring mail         |       |    39 |     6 ||    45
Dodge: Dodged            |    30 |    67 |     7 ||   104
